Map: Dusk Towers

Players

GeeK

  • Race: Terran Terran
  • League: Diamond

Florencio - Winner!

  • Race: Protoss Protoss
  • League: Diamond

VOD

Have the link to the VOD?

Description

Went skytoss on the Terran

Time

  • Played on: March 12, 2016, 10:04 p.m.
  • Length: 16:30
Show
View Real Time Build Order
Export as new Build Order

GeeK Terran 

Build Orders: Reaper Expand, MMM Bio 

Get SALT Encoding   

  12  0:01  SCV  
  13  0:13  SCV  
  14  0:18  Supply Depot  
  14  0:25  SCV  
  15  0:38  Refinery  
  15  0:40  SCV  
  16  0:44  Barracks  
  16  0:52  SCV  
  17  1:04  SCV  
  18  1:16  SCV  
  19  1:31  Reaper  
  21  1:34  Orbital Command  
  20  1:49  Command Center  
  20  2:02  Factory  
  20  2:15  SCV  
  21  2:19  Barracks Reactor  
  21  2:24  Refinery  
  21  2:27  SCV  
  22  2:39  SCV  
  23  2:45  Supply Depot  
  23  2:55  Starport  
  23  3:00  SCV, Marine x2  
  26  3:07  Widow Mine  
  26  3:12  SCV  
  28  3:18  Marine x2  
  30  3:21  Orbital Command  
  30  3:24  SCV  
  31  3:31  Medivac  
  33  3:36  SCV  
  33  3:37  Marine x2  
  33  3:39  Widow Mine  
  38  3:47  Engineering Bay  
  38  3:49  SCV x2  
  40  3:55  Supply Depot  
  40  3:58  Marine x2  
  42  4:07  Viking  
  44  4:11  Factory Tech Lab  
  43  4:25  Marine  
  43  4:33  Siege Tank  
  43  4:37  Missile Turret  
  43  4:49  Medivac  
  44  4:53  SCV x2  
  44  4:55  Terran Infantry Weapons Level 1  
  46  5:01  Barracks  
  46  5:05  SCV  
  46  5:06  SCV  
  48  5:17  Siege Tank, Marine  
  48  5:18  SCV x2  
  48  5:21  Marine  
  53  5:27  Barracks  
  53  5:28  Barracks  
  51  5:30  SCV  
  51  5:34  SCV  
  53  5:42  Missile Turret, SCV  
  54  5:44  Refinery  
  54  6:07  Supply Depot  
  54  6:08  Stimpack, Supply Depot  
  54  6:09  Supply Depot  
  54  6:17  Barracks Tech Lab  
  54  6:18  Barracks Reactor  
  54  6:28  Medivac, SCV x2, Marine x3  
  61  6:40  SCV  
  61  6:42  SCV, Command Center  
  61  6:46  Marine x3  
  66  6:48  Refinery  
  66  6:50  Supply Depot  
  66  6:51  Terran Infantry Armor Level 1  
  66  6:52  SCV  
  67  6:54  SCV  
  67  6:55  Marine x2  
  67  6:59  Starport Reactor  
  70  7:03  Combat Shields, Marine  
  70  7:04  Marine x2  
  70  7:05  SCV  
  64  7:08  Marine  
  64  7:11  SCV  
  64  7:12  Marine  
  67  7:17  SCV, Marine  
  67  7:21  Marine x2  
  71  7:24  SCV  
  71  7:29  SCV  
  73  7:35  Starport  
  73  7:37  SCV  
  73  7:38  Marine x3  
  73  7:39  Marine x2  
  73  7:40  Medivac  
  73  7:41  Medivac, SCV  
  73  7:43  Marine  
  85  7:52  SCV  
  85  7:53  Supply Depot  
  85  7:55  Supply Depot  
  86  8:04  Marine x5  
  91  8:16  Missile Turret  
  91  8:19  SCV x2  
  93  8:20  SCV  
  93  8:23  Marine x2  
  93  8:24  Marauder x2, Marine  
  101  8:30  Engineering Bay  
  101  8:31  Liberator x2, SCV x2  
  101  8:32  Armory  
  103  8:46  Marine x6  
  115  8:53  Supply Depot  
  115  8:54  Supply Depot  
  115  9:04  Marine  
  99  9:11  Marauder x2, Marine x3  
  91  9:19  SCV x3  
  91  9:21  Viking  
  91  9:22  Marine  
  92  9:24  Terran Ship Weapons Level 1  
  92  9:25  Terran Infantry Weapons Level 2  
  92  9:26  Terran Infantry Armor Level 2  
  92  9:29  Marine x2  
  92  9:31  SCV x2  
  95  9:34  Viking x2  
  95  9:38  Orbital Command  
  98  9:43  SCV, Refinery  
  98  9:44  Refinery, Marine x3  
  102  9:50  Marine  
  102  9:51  Marine x2  
  105  9:54  Medivac  
  107  10:01  Marine  
  107  10:02  Marine  
  107  10:06  Medivac x2  
  113  10:07  Marine  
  113  10:08  Barracks, Marine x2  
  113  10:09  SCV  
  113  10:10  Barracks  
  113  10:13  SCV x2  
  119  10:16  Marine  
  119  10:19  Marine x2  
  119  10:21  SCV  
  123  10:25  Marine  
  123  10:26  Marine  
  123  10:27  Marine  
  126  10:29  Supply Depot x2  
  126  10:30  Supply Depot, Viking  
  126  10:32  SCV  
  115  10:56  Marauder x2, Marine x2  
  121  10:57  Viking x2, Marine x2  
  121  10:58  Marine x2  
  121  11:00  Viking  
  131  11:06  SCV x2  
  133  11:13  Marine x2  
  133  11:15  Marine x3  
  133  11:17  Marine x3  
  141  11:19  SCV x3  
  141  11:24  Supply Depot  
  141  11:25  Supply Depot  
  144  11:31  SCV x2, Viking x3, Marine x2  
  154  11:35  Terran Ship Weapons Level 2  
  144  11:47  Marauder, Marine x3  
  144  11:48  Marine x2  
  144  11:49  Marine x2  
  153  11:57  Command Center  
  153  12:03  Viking  
  153  12:05  Marine x4  
  153  12:06  Marine  
  153  12:08  Terran Infantry Weapons Level 3  
  160  12:09  Marine  
  161  12:20  Marine x2  
  161  12:22  Viking x2  
  167  12:23  Marine  
  167  12:29  Marine x2  
  172  12:30  Marauder, Marine  
  173  12:38  Marine x2  
  173  12:40  Marauder  
  161  12:51  Marauder  
  147  13:08  Marauder, Marine x4  
  147  13:09  Marine  
  147  13:10  Marine  
  149  13:12  Marauder  
  139  13:26  Marine x3  
  141  13:28  Marine  
  92  14:56  Marine x2  
  92  14:57  Marine  
  92  14:59  Viking  
  75  15:14  Marine  
  44  15:29  Viking  
Show
View Real Time Build Order
Export as new Build Order

Florencio Protoss - Winner!

Build Orders: Oracle Opening 

Get SALT Encoding   

  12  0:01  Probe (Chrono Boost)  
  13  0:11  Probe (Chrono Boost)  
  14  0:18  Pylon  
  14  0:22  Probe (Chrono Boost)  
  15  0:36  Probe (Chrono Boost)  
  15  0:38  Gateway  
  16  0:47  Assimilator  
  16  0:52  Assimilator  
  16  0:54  Probe (Chrono Boost)  
  17  1:05  Probe (Chrono Boost)  
  18  1:15  Probe (Chrono Boost)  
  19  1:25  Cybernetics Core  
  19  1:26  Probe (Chrono Boost)  
  19  1:29  Pylon  
  20  1:36  Probe (Chrono Boost)  
  21  1:47  Probe (Chrono Boost)  
  22  1:57  Probe (Chrono Boost)  
  23  2:11  Nexus  
  25  2:15  Mothership Core (Chrono Boost)  
  25  2:20  Stalker  
  27  2:32  Pylon  
  27  2:34  Probe (Chrono Boost)  
  28  2:43  Stargate  
  28  2:50  Probe (Chrono Boost)  
  29  3:00  Stalker  
  31  3:21  Pylon  
  31  3:23  Probe (Chrono Boost)  
  32  3:29  Oracle (Chrono Boost)  
  35  3:39  Nexus  
  35  3:43  Probe  
  35  3:44  Probe  
  37  3:53  Probe  
  42  4:03  Void Ray (Chrono Boost)  
  42  4:37  Probe  
  42  4:39  Probe  
  44  4:53  Void Ray (Chrono Boost)  
  44  4:56  Probe  
  44  4:58  Probe  
  44  4:59  Stargate, Forge  
  50  5:02  Assimilator  
  50  5:03  Pylon  
  50  5:06  Assimilator  
  50  5:07  Probe  
  50  5:09  Pylon  
  50  5:10  Probe  
  52  5:17  Probe  
  49  5:22  Probe  
  49  5:28  Probe  
  50  5:34  Probe  
  52  5:36  Photon Cannon  
  52  5:38  Probe x2  
  52  5:39  Photon Cannon  
  54  5:46  Probe  
  54  5:48  Probe  
  54  5:49  Probe, Void Ray (Chrono Boost)  
  61  5:58  Probe  
  61  6:00  Probe  
  63  6:06  Probe  
  63  6:10  Probe x2  
  65  6:16  Probe  
  71  6:18  Void Ray (Chrono Boost)  
  71  6:21  Probe  
  71  6:23  Probe  
  74  6:42  Oracle (Chrono Boost)  
  74  6:43  Probe  
  74  6:47  Assimilator, Probe  
  74  6:49  Pylon  
  74  6:51  Assimilator  
  74  6:53  Probe  
  75  6:58  Probe  
  81  7:01  Void Ray (Chrono Boost)  
  81  7:03  Photon Cannon  
  81  7:04  Probe  
  81  7:06  Photon Cannon  
  82  7:18  Probe  
  82  7:19  Probe  
  84  7:28  Probe  
  84  7:29  Twilight Council  
  84  7:31  Probe  
  86  7:38  Pylon x2  
  86  7:42  Stargate x2  
  86  7:46  Photon Cannon  
  86  7:47  Photon Cannon  
  86  7:50  Void Ray (Chrono Boost)  
  86  7:51  Probe  
  91  7:58  Probe  
  95  8:02  Void Ray (Chrono Boost)  
  96  8:08  Probe  
  96  8:10  Nexus  
  97  8:24  Photon Cannon  
  97  8:26  Pylon  
  97  8:47  Void Ray (Chrono Boost)  
  113  8:53  Void Ray x3 (Chrono Boost)  
  113  8:56  Fleet Beacon  
  113  8:58  Pylon  
  113  9:00  Pylon  
  95  9:30  Mothership Core  
  97  9:55  Probe  
  98  10:01  Assimilator  
  98  10:03  Carrier (Chrono Boost)  
  98  10:05  Assimilator  
  98  10:06  Probe  
  122  10:10  Pylon  
  122  10:12  Pylon  
  122  10:13  Probe, Pylon  
  123  10:14  Carrier x3 (Chrono Boost)  
  123  10:16  Probe  
  123  10:18  Templar Archives  
  125  10:22  Pylon  
  125  10:27  Photon Cannon, Probe  
  125  10:29  Photon Cannon  
  125  10:34  Pylon  
  126  10:38  Probe  
  123  11:07  Graviton Catapult  
  123  11:17  Carrier (Chrono Boost)  
  147  11:40  Carrier x3 (Chrono Boost)  
  147  12:31  Photon Cannon  
  147  12:33  Photon Cannon  
  147  12:35  Photon Cannon  
  138  13:25  Forge  
  130  13:56  Pylon  
  130  13:59  Pylon  
  130  14:02  Photon Cannon  
  111  14:03  Photon Cannon  
  111  14:06  Photon Cannon x2  
  111  14:08  Photon Cannon x3  
  111  14:09  Photon Cannon  
  111  14:11  Photon Cannon  
  111  14:27  Photon Cannon  
  111  14:28  Photon Cannon  
  111  14:30  Gateway  
  111  14:31  Photon Cannon  
  111  14:32  Photon Cannon  
  111  14:34  Photon Cannon  
Tags
 
Add a new tag
Caveats
  • Supply blocks, unpowered buildings, or Contaminate may cause inaccurate times.
  • Supply counts are checked every 10 seconds.